 Dungeon Crawl Stone Soup version 0.17.0-15-g6d90897 (console) character file.

338 gw the Firebug (level 6, 0/47 HPs)
             Began as a Demigod Fire Elementalist on Nov 11, 2015.
             Slain by an iron imp (7 damage)
             ... summoned by Eustachio
             ... on level 4 of the Dungeon.
             The game lasted 00:04:51 (5548 turns).

gw the Firebug (Demigod Fire Elementalist)          Turns: 5548, Time: 00:04:51

Health: 0/47       AC:  4    Str: 11    XL:     6   Next: 7%
Magic:  1/14       EV: 11    Int: 23    God:
Gold:   343        SH:  0    Dex: 16    Spells: 4 memorised, 0 levels left

rFire  . . .     SeeInvis .     b - +0 mace
rCold  . . .     Clarity  .     i - +0 leather armour
rNeg   + . .     SustAt   +     (no shield)
rPois  .         Gourm    .     g - +0 helmet
rElec  .         Spirit   .     (no cloak)
rCorr  .         Warding  +     (no gloves)
rMut   .         Stasis   .     (no boots)
MR     .....                    h - amulet of warding
Stlth  ++........               (no ring)
                                (no ring)

@: very slightly contaminated, drained, not resistant to hostile enchantments,
unstealthy
A: high mp 1, sustain attributes
a: no special abilities


You were on level 4 of the Dungeon.
You were not hungry.

You visited 1 branch of the dungeon, and saw 4 of its levels.

You collected 343 gold pieces.

Inventory:

Hand Weapons
 b - a +0 mace (weapon)
Missiles
 e - 141 stones (quivered)
 f - 27 arrows
Armour
 g - a +0 helmet (worn)
 i - a +0 leather armour (worn)
Jewellery
 h - an amulet of warding (around neck)
Books
 d - a book of Flames

   Spells                             Type                      Level
   a - Flame Tongue                   Conjuration/Fire             1
   b - Throw Flame                    Conjuration/Fire             2
   c - Conjure Flame                  Conjuration/Fire             3
   d - Inner Flame                    Hexes/Fire                   3
   e - Sticky Flame                   Conjuration/Fire             4
   f - Fireball                       Conjuration/Fire             5
Comestibles
 c - 4 bread rations


   Skills:
 + Level 1.5(0.8) Fighting
 + Level 1.8(1.0) Maces & Flails
 + Level 2.5(1.7) Armour
 - Level 1.7(1.0) Dodging
 - Level 1.7(1.0) Stealth
 * Level 3.5(2.7) Spellcasting
 - Level 0.8(0.1) Conjurations
 + Level 3.6(2.8) Fire Magic


You couldn't memorise any spells.
You knew the following spells:

 Your Spells              Type           Power        Failure   Level  Hunger
a - Flame Tongue          Conj/Fire      #....        10%         1    None
b - Throw Flame           Conj/Fire      #.....       14%         2    ##.....
c - Sticky Flame          Conj/Fire      #.......     85%         4    ####...
d - Fireball              Conj/Fire      #.........   99%         5    ######.


Dungeon Overview and Level Annotations

Branches:
Dungeon (4/15)
 Temple: D:4-7

Annotations:
D:4 Eustachio, Robin


Innate Abilities, Weirdness & Mutations

You have an increased reservoir of magic (+10% MP).
Your attributes are resistant to harm.


Message History

Eustachio hits you with a rapier.
Unknown command.
Unknown command.
Unknown command.
Unknown command.
ATTACK MOVE TO (0,1)
You hit the quokka.
You kill the quokka!
The quokka's corpse disappears in a puff of smoke!
The shadow imp grinds its teeth.
The river rat twitches its whiskers.
The river rat closely misses you. Eustachio hits you but does no damage.
The river rat barely misses you. The iron imp closely misses you.
Unknown command.
Unknown command.
Unknown command.
Unknown command.
ATTACK MOVE TO (0,1)
You hit the iron imp but do no damage. Eustachio hits you with a rapier!
The river rat's attack is warded away.
The iron imp hits you!
You die...

#......#....'....#
#.....@#....#...##
#...%..######...#
#######.....#...#
#.....#...#
#.....#...#.
#..(..'(..).
#######..(..#...#.
#p@5.)..)...#...#
#5rr...##########
#r5....# #......#
#......# #......#
#......# #......#
#......#


You could see Eustachio, an iron imp, a crimson imp, a river rat, a shadow imp
and 2 quokkas.

Table legend:
 A = Turns spent in this place as a percentage of turns spent in the entire game.
 B = Non-inter-level travel turns spent in this place as a percentage of non-inter-level travel turns spent in the entire game.
 C = Inter-level travel turns spent in this place as a percentage of turns spent in this place.
 D = Turns resting spent in this place as a percentage of non-inter-level travel turns spent in this place.
 E = Turns spent auto-exploring this place as a percentage of non-inter-level travel turns spent in this place.
 F = Non-inter-level travel turns spent in this place divided by the number of levels of this place that you've seen.
                   A       B       C       D       E      F
               +-------+-------+-------+-------+-------+----------------------
         Total | 100.0 | 100.0 |   0.8 |   3.6 |   2.4 | 1633.2
       Dungeon | 100.0 | 100.0 |   0.8 |   3.6 |   2.4 | 1633.2
               +-------+-------+-------+-------+-------+----------------------

Table legend:
 A = Kills in this place as a percentage of kills in entire the game.
 B = Kills by you in this place as a percentage of kills by you in the entire game.
 C = Kills by friends in this place as a percentage of kills by friends in the entire game.
 D = Other kills in this place as a percentage of other kills in the entire game.
 E = Experience gained in this place as a percentage of experience gained in the entire game.
 F = Experience gained in this place divided by the number of levels of this place that you have seen.
                   A       B       C       D       E      F
               +-------+-------+-------+-------+-------+----------------------
         Total | 100.0 | 100.0 |  -nan |  -nan | 100.0 | 120.8
       Dungeon | 100.0 | 100.0 |  -nan |  -nan | 100.0 | 120.8
               +-------+-------+-------+-------+-------+----------------------

Vanquished Creatures
  A scorpion (D:4)
  2 centaur skeletons
  An orc wizard (D:3)
  Jessica (D:3)
  Terence (D:3)
  3 adders (D:3)
  3 oozes
  A worm (D:3)
  2 giant geckos (D:1)
  5 orcs (D:3)
  6 giant cockroaches
  24 goblins
  9 hobgoblins
  7 jackals (D:2)
  14 bats
  8 giant newts
  8 kobolds
  8 rats
  A plant (D:1)
105 creatures vanquished.

Notes
Turn   | Place    | Note
--------------------------------------------------------------
     0 | D:1      | gw the Demigod Fire Elementalist began the quest for the Orb.
     0 | D:1      | Reached XP level 1. HP: 14/14 MP: 5/5
   285 | D:1      | Reached XP level 2. HP: 8/20 MP: 0/7
   477 | D:1      | Learned a level 2 spell: Throw Flame
   711 | D:1      | Reached skill level 1 in Armour
   847 | D:1      | Reached skill level 3 in Fire Magic
  1458 | D:1      | Reached XP level 3. HP: 26/26 MP: 2/9
  2264 | D:2      | Reached skill level 1 in Maces & Flails
  2975 | D:2      | Found a faded altar to an unknown god.
  3361 | D:3      | Noticed Phlounder's ghost (amateur GrEn)
  3564 | D:3      | Noticed Jessica
  3602 | D:3      | Reached XP level 4. HP: 25/34 MP: 7/10
  3606 | D:3      | Killed Jessica
  3722 | D:3      | Learned a level 4 spell: Sticky Flame
  3845 | D:3      | Reached skill level 1 in Fighting
  4215 | D:3      | Noticed Terence
  4230 | D:3      | Killed Terence
  4230 | D:3      | Reached XP level 5. HP: 38/40 MP: 0/12
  4743 | D:3      | Found a blossoming altar of Fedhas.
  5064 | D:4      | Reached XP level 6. HP: 39/47 MP: 4/14
  5137 | D:4      | Learned a level 5 spell: Fireball
  5316 | D:4      | Noticed Eustachio
  5316 | D:4      | Noticed Robin
  5548 | D:4      | Slain by an iron imp

Action                   |  1- 3 |  4- 6 || total
-------------------------+-------+-------++-------
Melee: Mace              |    23 |    43 ||    66
Throw: Stone             |     9 |       ||     9
 Cast: Flame Tongue      |    63 |    70 ||   133
       Throw Flame       |    52 |    33 ||    85
  Eat: Chunk             |    10 |     9 ||    19

Vault maps used:
D:1:      nicolae_arrival_somewhat_less_tricky_arrival, serial_bayou_lake_a
D:2:      first_bread, ecumenical_altar_1
D:3:      fedhas_altar_2, st_stairs_5, uniq_jessica, uniq_terence
D:4:      gammafunk_temple_overflow_pools, serial_shops, nicolae_shop_trees,
          uniq_eustachio, uniq_robin
